 Dungeon Crawl Stone Soup version 0.29.1-1-gd02db6906a (webtiles) character file.

Game seed: 414662567013263966

46 omegacringe the Shooter (level 3, -22/22 HPs)
             Began as a Kobold Hunter on Oct 6, 2022.
             Killed by an exploding ball python (42 damage)
             ... ignited by their inner flame
             ... on level 2 of the Dungeon.
             The game lasted 00:04:26 (1554 turns).

omegacringe the Shooter (Kobold Hunter)             Turns: 1554, Time: 00:04:26

Health: -22/22     AC:  4    Str:  8    XL:     3   Next: 92%
Magic:  3/3        EV: 14    Int: 10    God:
Gold:   94         SH:  0    Dex: 20    Spells: 2/2 levels left

rFire   . . .      SeeInvis .   a - +0 shortbow
rCold   . . .      Faith    .   (shield currently unavailable)
rNeg    . . .      Spirit   .   c - +0 leather armour
rPois   .          Reflect  .   g - +0 helmet
rElec   .          Harm     .   (no cloak)
rCorr   .          Rampage  .   (no gloves)
Will    .....                   (no boots)
Stlth   +++.......              (no amulet)
HPRegen 0.07/turn               (no ring)
MPRegen 0.08/turn               (no ring)

@: no status effects
A: small, no large weapons, nightstalker 3
a: no special abilities


You were on level 2 of the Dungeon.
You visited 1 branch of the dungeon, and saw 2 of its levels.

You collected 94 gold pieces.

Inventory:

Hand Weapons
 a - a +0 shortbow (weapon)
 e - a +0 dagger
Missiles
 d - 8 stones
Armour
 c - a +0 leather armour (worn)
 g - a +0 helmet (worn)
Scrolls
 i - a scroll of poison
 j - a scroll of teleportation {unknown}
 l - a scroll of amnesia {unknown}
Potions
 f - 4 potions of curing
 h - a potion of lignification
 k - a potion of flight {unknown}


   Skills:
 + Level 2.3 Fighting
 * Level 6.8 Ranged Weapons
 + Level 0.1 Armour
 + Level 2.4 Dodging
 + Level 1.3 Stealth


You had 2 spell levels left.
You didn't know any spells.
Your spell library contained the following spells:

 Spells                   Type           Power      Damage    Failure   Level
 Fulminant Prism          Conj/Hex       0%         3d6       99%         4
 Iskenderun's Mystic Bla  Conj/Tloc      0%         2d3       99%         4
 Lee's Rapid Deconstruct  Erth           0%         3d5*      100%        5


Dungeon Overview and Level Annotations

Branches:
Dungeon (2/15)

Altars:


Innate Abilities, Weirdness & Mutations

You are small and have problems with some larger weapons.
You are completely attuned to the shadows.


Message History

You shoot an arrow.
The arrow closely misses the giant cockroach.
The giant cockroach barely misses you.
You shoot an arrow. The arrow hits the giant cockroach.
The giant cockroach is lightly wounded.
The giant cockroach bites you. The ball python closely misses you.
The ball python misses you. The giant cockroach closely misses you.
Really read the scroll of immolation?
As you read the scroll of immolation, it crumbles to dust.
The creatures around you are filled with an inner flame!
The ball python bites you but does no damage.
The ball python closely misses you. The giant cockroach bites you.
Found a scroll labelled XARU BEOFE.
The ball python barely misses you. The ball python closely misses you.
The giant cockroach attacks as you move away!
The giant cockroach bites you but does no damage.
The giant cockroach attacks as you move away!
The giant cockroach barely misses you.
The giant cockroach attacks as you move away!
The giant cockroach misses you. The ball python closely misses you.
The ball python misses you.
The giant cockroach bites you but does no damage.
The giant cockroach attacks as you move away!
The giant cockroach bites you but does no damage.
The ball python misses you. The ball python grabs you.
The ball python constricts you.
You escape the ball python's grasp.
The giant cockroach attacks as you move away!
The giant cockroach bites you but does no damage.
The ball python attacks as you move away!
The ball python barely misses you. x2;
Found 18 gold pieces.
The ball python barely misses you. The ball python grabs you.
The ball python constricts you.
The giant cockroach bites you but does no damage.
You shoot an arrow. The arrow hits the ball python!
The ball python explodes!
The fiery explosion engulfs the giant cockroach!!!
The fiery explosion engulfs you!!!
Ouch! That really hurt!
You die...

++#### ...?..##
##..........##
##............##
#..............##
#................##
................§§#
...............§..#
.......≈..≈.....@§#
†.......≈≈........+
........≈§§§......+
.......≈.. ......#
!......... ...$..#
..........


There were no monsters in sight!

Vanquished Creatures
  2 adders (D:2)
  2 dart slugs (D:2)
  2 ball pythons (D:2)
  2 bats (D:1)
  4 endoplasms
  A giant cockroach (D:2)
  2 hobgoblins (D:1)
  2 quokkas (D:2)
  A frilled lizard (D:2)
  2 goblins
  3 kobolds
  A rat (D:2)
24 creatures vanquished.

Notes
Turn   | Place    | Note
-------+----------+-------------------------------------------
     0 | D:1      | omegacringe the Kobold Hunter began the quest for the Orb.
     0 | D:1      | Reached XP level 1. HP: 12/12 MP: 1/1
   562 | D:1      | Reached XP level 2. HP: 17/17 MP: 2/2
   691 | D:1      | Reached skill level 6 in Ranged Weapons
   723 | D:1      | Found a faded altar of an unknown god.
  1072 | D:2      | Reached XP level 3. HP: 12/21 MP: 3/3
  1554 | D:2      | Killed by an exploding ball python... ignited by their
                  | inner flame

Illustrated notes

Levels and vault maps discovered:
D:1:      dpeg_arrival_leaves_temple_mockup, layout_basic,
          shapermc_ecumenical_altar_notcrosses
D:2:      kennysheep_big_flooded_room, layout_loops_ring

Skill      XL: |  1  2 |
---------------+-------+-----
Ranged Weapons | 6 |  6.8
Fighting       | |  2.3
Armour         | |  0.1
Dodging        | |  2.4
Stealth        | |  1.3

Action                   || total
-------------------------++-------
 Fire: Shortbow          ||    60
  Use: Potion            ||     3
       Scroll            ||     2
Armor: Leather armour    ||    11
Dodge: Dodged            ||    47
